 Dungeon Crawl Stone Soup version 0.18.1-6-gd335043 (webtiles) character file.

21 kuniqs the Sneak (level 2, -1/13 HPs)
             Began as a Spriggan Enchanter on May 15, 2016.
             Hit by a tomahawk thrown by Vecin (14 damage)
             ... created by the player character
             ... on level 2 of the Dungeon.
             The game lasted 00:04:20 (1022 turns).

kuniqs the Sneak (Spriggan Enchanter)               Turns: 1022, Time: 00:04:21

Health: -1/13      AC:  4    Str:  4    XL:     2   Next: 62%
Magic:  7/7        EV: 18    Int: 16    God:
Gold:   47         SH:  0    Dex: 16    Spells: 2 memorised, 4 levels left

rFire  . . .     SeeInvis +     a - +1 dagger
rCold  . . .     Gourm    .     m - +2 robe {Archmagi}
rNeg   . . .     Faith    .     (shield restricted)
rPois  .         Spirit   .     (helmet restricted)
rElec  .         Dismiss  .     (no cloak)
rCorr  .         Reflect  .     (gloves unavailable)
SustAt .         Harm     .     (boots unavailable)
MR     .....                    (no amulet)
Stlth  +++.......               (no ring)
                                (no ring)

@: very quick, not resistant to hostile enchantments, fairly stealthy
A: unfitting armour, see invisible, herbivore 3, speed 3, slow metabolism 2
a: no special abilities


You were on level 2 of the Dungeon.
You were not hungry.

You visited 1 branch of the dungeon, and saw 2 of its levels.

You collected 47 gold pieces.

Inventory:

Hand Weapons
 a - a +1 dagger (weapon)
Armour
 f - a +0 buckler
 m - a +2 robe of the Archmagi (worn)
Scrolls
 e - 2 scrolls of remove curse {unknown}
 i - a scroll of random uselessness {unknown}
 k - a scroll of identify {unknown}
Potions
 h - a potion of curing {unknown}
 j - a potion of berserk rage {unknown}
 l - a potion of magic {unknown}
Books
 c - a book of Maledictions

   Spells                             Type                      Level
   a - Corona                         Hexes                        1
   b - Ensorcelled Hibernation        Hexes/Ice                    2
   c - Confuse                        Hexes                        3
   d - Tukima's Dance                 Hexes                        3
   e - Dazzling Spray                 Conjuration/Hexes            3
Miscellaneous
 b - a plain deck of changes {drawn: 1}
Comestibles
 d - 2 bread rations
 g - 5 fruits


   Skills:
 + Level 1.5 Short Blades
 - Level 3.0 Dodging
 + Level 4.9 Stealth
 + Level 3.0 Spellcasting
 + Level 4.0 Hexes


You had 4 spell levels left.
You knew the following spells:

 Your Spells              Type           Power        Failure   Level  Hunger
a - Corona                Hex            ###....      4%          1    #......
b - Ensorcelled Hibernat  Hex/Ice        ##....       14%         2    ##.....


Dungeon Overview and Level Annotations

Branches:
Dungeon (2/15)

Altars:
Nemelex Xobeh


Innate Abilities, Weirdness & Mutations

You are tiny and cannot use many weapons and most armour.
You have supernaturally acute eyesight.
You are a herbivore.
You cover ground extremely quickly.
You need consume almost no food.


Message History

There is a stone staircase leading down here.
You climb downwards.
There is a stone staircase leading up here.
Found a stone staircase leading down.
Okay, then.
Found a plain deck of cards.
Found a sparkling altar of Nemelex Xobeh.
There is a sparkling altar of Nemelex Xobeh here.
You see here a plain deck of cards.
b - a plain deck of cards Evoke which item? (* to show all) (? for menu, Esc to quit)
You draw a card...
It is the Mercenary.
You cannot afford Vecin's fee of 323 gold!
Vecin attacks!
Vecin the merfolk comes into view. It is wielding a trident of protection.
Vecin throws a tomahawk.
The tomahawk misses you.
The tomahawk disappears in a puff of smoke!
Vecin throws a tomahawk.
The tomahawk hits you!
Ouch! That really hurt!
You die...

... .... ... ...
#########.#.#
.......<#.#.#
##################.#.#
.......@....m......#.#
##################...#
...........#
########...# #.#>#
#.### #.# #.# #.#


You could see Vecin the merfolk.

Vanquished Creatures
  A dart slug (D:1)
  3 bats (D:1)
  4 goblins (D:1)
  A hobgoblin (D:1)
  3 giant newts (D:1)
  5 kobolds (D:1)
  3 rats (D:1)
20 creatures vanquished.

Notes
Turn   | Place    | Note
--------------------------------------------------------------
     0 | D:1      | kuniqs the Spriggan Enchanter began the quest for the Orb.
     0 | D:1      | Reached XP level 1. HP: 9/9 MP: 5/5
   363 | D:1      | Reached XP level 2. HP: 11/13 MP: 4/6
   367 | D:1      | Learned a level 2 spell: Ensorcelled Hibernation
  1009 | D:2      | Found a sparkling altar of Nemelex Xobeh.
  1017 | D:2      | Noticed Vecin
  1022 | D:2      | Hit by a tomahawk thrown by Vecin

Skill      XL: |  1  2 |
---------------+-------+-----
Hexes          | 4 |  4.0
Spellcasting   | 3 |  3.0
Short Blades   | |  1.5
Dodging        | |  3.0
Stealth        | |  4.9

Action                   || total
-------------------------++-------
Melee: Dagger            ||    67
 Cast: Corona            ||     5
       Ensorcelled Hiber ||     6
Evoke: Deck              ||     1
 Stab: Sleeping          ||     7
Armor: Robe              ||     9
Dodge: Dodged            ||    49
